 Dungeon Crawl Stone Soup version 0.30.0-30-g96aa6591b8 (webtiles) character file.

Game seed: 309322542592392637

82557 TwoHeadsTalk the Blocker (level 15, -1/102 (117) HPs)
             Began as a Gnoll Wanderer on June 25, 2023.
             Was an Initiate of Gozag.
             Slain by a six-headed hydra (10 damage)
             ... on level 2 of the Swamp on June 27, 2023.
             The game lasted 02:27:41 (36227 turns).

TwoHeadsTalk the Blocker (Gnoll Wanderer)          Turns: 36227, Time: 02:27:41

HP:   -1/102 (117)  AC:  9    Str: 15    XL:     15   Next: 74%
MP:   0/31          EV: 13    Int: 23    God:    Gozag
Gold: 5059          SH: 17    Dex: 11    Spells: 19/39 levels left

rFire   . . .        Q - +4 morningstar (spect)
rCold   . . .        U - +0 tower shield
rNeg    . . .        j - +1 robe of Rilir {rElec Int+3}
rPois   .            (no helmet)
rElec   +            G - scarf {+Inv}
rCorr   .            Z - +1 pair of gloves {Stlth+}
SInv    .            X - +1 pair of boots
Will    +....        w - amulet of guardian spirit
Stlth   +++++        C - +6 ring of strength
HPRegen 0.37/turn    M - ring of wizardry
MPRegen 0.22/turn

%: guardian spirit, wizardry (x1)
@: lethally poisoned (-1 -> -42), hasted, heavily drained, very quick
A: fangs 1, strong nose, distributed training, clumsy 1
a: Renounce Religion, Evoke Invisibility, Potion Petition, Call Merchant, Bribe
Branch


You were on level 2 of the Swamp.
You worshipped Gozag.
Gozag was greatly pleased with you.
You visited 4 branches of the dungeon, and saw 21 of its levels.

You collected 7099 gold pieces.
You spent 1120 gold pieces at shops.
You paid 920 gold pieces to Gozag.

Inventory:

Hand Weapons
 o - a +3 morningstar of draining
 Q - a +4 spectral morningstar (weapon)
Missiles
 z - 12 atropa-tipped darts (quivered)
 L - 2 datura-tipped darts
 N - 5 javelins
 V - 9 curare-tipped darts
Armour
 j - the +1 robe of Rilir (worn) {rElec Int+3}
   (You took it off a kobold demonologist on level 10 of the Dungeon)

   Int:       It affects your intelligence (+3).
   rElec:     It insulates you from electricity.
 G - a scarf of invisibility (worn)
 I - a +0 kite shield
 U - a +0 tower shield (worn)
 W - a +1 leather armour of poison resistance
 X - a +1 pair of boots (worn)
 Z - a +1 pair of gloves of stealth (worn)
Jewellery
 d - a +6 ring of dexterity
 n - a +5 ring of evasion
 p - the ring "Ijola" {Drain rC+ Will+ Dex+7}
   (You acquired it on level 5 of the Lair of Beasts)

   [ring of protection from cold]

   Dex:       It affects your dexterity (+7).
   rC:        It protects you from cold.
   Drain:     It drains your maximum health when unequipped.
   Will:      It increases your willpower.
 w - an amulet of guardian spirit (around neck)
 C - a +6 ring of strength (left hand)
 M - a ring of wizardry (right hand)
 R - a ring of see invisible
Wands
 g - a wand of digging (6)
 H - a wand of paralysis (6)
 S - a wand of polymorph (15)
 T - a wand of quicksilver (4)
Scrolls
 b - a scroll of enchant armour
 c - 4 scrolls of amnesia
 f - a scroll of silence
 h - 4 scrolls of brand weapon
 i - 4 scrolls of enchant weapon
 r - 2 scrolls of vulnerability
 u - 4 scrolls of fear
 x - 5 scrolls of immolation
 D - a scroll of identify
 E - 3 scrolls of poison
 F - 2 scrolls of magic mapping
 O - a scroll of fog
Potions
 a - a potion of heal wounds
 e - 7 potions of haste
 l - 2 potions of magic
 m - 8 potions of ambrosia
 q - 3 potions of curing
 s - 2 potions of invisibility
 t - 4 potions of mutation
 v - 4 potions of might
 A - a potion of brilliance
 B - 3 potions of resistance
 J - a potion of berserk rage
 K - 4 potions of flight
 P - 4 potions of cancellation
Miscellaneous
 k - a phial of floods (inert)
 y - a lightning rod (2/4)
 Y - a box of beasts


   Skills:
 + Level 10.7 Fighting
 + Level 10.7 Short Blades
 + Level 10.7 Long Blades
 + Level 10.7 Axes
 + Level 10.7 Maces & Flails
 + Level 10.7 Polearms
 + Level 10.7 Staves
 + Level 10.7 Ranged Weapons
 + Level 10.7 Throwing
 + Level 11.0 Armour
 + Level 11.0 Dodging
 + Level 11.0 Stealth
 + Level 13.5 Shields
 + Level 10.7 Unarmed Combat
 + Level 12.7 Spellcasting
 + Level 9.0 Conjurations
 + Level 9.0 Hexes
 + Level 9.0 Summonings
 + Level 9.0 Necromancy
 + Level 9.0 Translocations
 + Level 9.0 Transmutations
 + Level 9.0 Fire Magic
 + Level 9.0 Ice Magic
 + Level 9.0 Air Magic
 + Level 9.0 Earth Magic
 + Level 9.0 Poison Magic
 + Level 11.6 Invocations
 + Level 10.7 Evocations


You had 19 spell levels left.
You knew the following spells:

 Your Spells              Type           Power      Damage    Failure   Level
a - Borgnjor's Vile Clut  Necr/Erth      27%        N/A       4%          5
b - Manifold Assault      Tloc           54%        N/A       1%          4
c - Statue Form           Tmut/Erth      36%        N/A       26%         6
d - Irradiate             Conj/Tmut      27%        3d20      4%          5

Your spell library contained the following spells:

 Spells                   Type           Power      Damage    Failure   Level
 Freeze                   Ice            100%       1d10      1%          1
 Kiss of Death            Conj/Necr      100%       2d13      1%          1
 Magic Dart               Conj           100%       1d8       1%          1
 Necrotise                Necr           100%       1d9       1%          1
 Sandblast                Erth           100%       2d20      1%          1
 Summon Small Mammal      Summ           100%       N/A       1%          1
 Blink                    Tloc           100%       N/A       1%          2
 Call Imp                 Summ           100%       N/A       1%          2
 Cigotuvi's Dreadful Rot  Necr/Pois/Air  100%       N/A       1%          2
 Ensorcelled Hibernation  Hex/Ice        100%       N/A       1%          2
 Passwall                 Tmut/Erth      45%        N/A       1%          2
 Poisonous Vapours        Pois/Air       100%       N/A       1%          2
 Sublimation of Blood     Necr           54%        N/A       1%          2
 Call Canine Familiar     Summ           54%        N/A       1%          3
 Confusing Touch          Hex            54%        N/A       1%          3
 Dazzling Flash           Conj/Hex       100%       N/A       1%          3
 Frozen Ramparts          Ice            100%       1d16      1%          3
 Gell's Gravitas          Tloc           54%        N/A       1%          3
 Hailstorm                Conj/Ice       54%        3d12      1%          3
 Inner Flame              Hex/Fire       54%        N/A       1%          3
 Mephitic Cloud           Conj/Pois/Air  54%        N/A       1%          3
 Stone Arrow              Conj/Erth      100%       3d13      1%          3
 Summon Guardian Golem    Hex/Summ       54%        N/A       1%          3
 Swiftness                Air            54%        N/A       1%          3
 Teleport Other           Tloc           54%        N/A       1%          3
 Vampiric Draining        Necr           54%        2d9       1%          3
 Volatile Blastmotes      Fire/Tloc      100%       2d18      1%          3
 Dispel Undead            Necr           54%        3d20      1%          4
 Flame Wave               Conj/Fire      54%        2d13      1%          4
 Iskenderun's Mystic Bla  Conj/Tloc      54%        2d12      1%          4
 Petrify                  Tmut/Erth      54%        N/A       1%          4
 Sticky Flame             Conj/Fire      54%        2d7       1%          4
 Freezing Cloud           Conj/Ice/Air   27%        6-21      4%          5
 Metabolic Englaciation   Hex/Ice        27%        N/A       4%          5
 Dispersal                Tloc           27%        N/A       26%         6
 Starburst                Conj/Fire      27%        6d9       26%         6
 Storm Form               Tmut/Air       27%        N/A       80%         7
 Borgnjor's Revivificati  Necr           27%        N/A       100%        8
 Simulacrum               Ice/Necr       Unusable   N/A       N/A         6

Dungeon Overview and Level Annotations

Branches:
Dungeon (12/15)            Temple (0/1) D:4            Lair (5/5) D:9
  Swamp (2/4) Lair:3       Spider (0/4) Lair:2        Slime (0/5) Lair:5
    Orc (2/2) D:9             Elf (0/3) Orc:2

Altars:
Ashenzari
Dithmenos
Gozag
Hepliaklqana
Makhleb
Qazlal
Ru
Trog
Uskayaw
Vehumet
Xom
Jiyva

Shops:
D:7 :   Orc:2 (!:(

Annotations:
D:7 3 runed translucent doors, Levsong's ghost, novice NaFi


Innate Abilities, Weirdness & Mutations

You have very sharp teeth.
Your uncanny sense of smell can sniff out nearby items.
Your experience applies equally to all skills.
You are clumsy. (Dex -2)


Message History

The swamp dragon struggles to escape constriction.
You are engulfed in poison gas.
You are more poisoned.
The zombie hands constrict the swamp dragon!
You feel extremely sick.
The swamp dragon struggles to escape constriction.
You block the six-headed hydra's attack. x4
The six-headed hydra misses you. x2
Unknown command.
The zombie hands lose their grip on something.
You are engulfed in poison gas.
You are more poisoned.
You feel extremely sick.
You block the six-headed hydra's attack.
The six-headed hydra misses you. The six-headed hydra bites you!
* * * LOW HITPOINT WARNING * * *
The six-headed hydra bites you but does no damage.
The six-headed hydra closely misses you.
The six-headed hydra bites you!
* * * LOW HITPOINT WARNING * * *
There is a stone staircase leading up, spattered with blood here.
Unknown command. [a] - 348 gold - invisibility and might [b] - 100 gold - heal wounds [c] - 330 gold - haste and heal wounds Purchase which effect?
You feel yourself speed up.
You feel much better.
You are engulfed in poison gas.
You are lethally poisoned!
You feel extremely sick.
You block the six-headed hydra's attack.
The six-headed hydra bites you!
* * * LOW HITPOINT WARNING * * *
The six-headed hydra bites you!
* * * LOW HITPOINT WARNING * * *
The six-headed hydra bites you!
* * * LOW HITPOINT WARNING * * *
You block the six-headed hydra's attack.
The six-headed hydra bites you!
You die...
Your body crumbles into a pile of gold.

♣♣♣ ♣♣.♣
♣♣ ~~. ♣.♣
♣○♣♣§♣ ..
♣.♣.♣♣ .>
♣○○○♣ ~♣ ♣
♣°.@♣♣.♣D♣
♣♣○D♣.○☼.♣
♣♣D~~○..♣
♣○.~~~♣.~
♣♣.~~..~~~
♣..~~♣♣♣.
♣♣..~♣
♣$.♣ ♣♣..♣


You could see a six-headed hydra and a swamp dragon.

Vanquished Creatures
  Saint Roka (Orc:1)
  A tentacled monstrosity (Swamp:1)
  Jorgrun (Orc:2)
  Donald (Orc:2)
  Louise (Swamp:1)
  The ghost of 00zero00 the Severer, a journeyman HOFi of Gozag (D:10)
  Harold (D:11)
  10 hydras
  2 catoblepae
  2 boulder beetles
  Erolcha (Orc:1)
  A centaur warrior (D:11)
  An alligator (Swamp:1)
  5 two-headed ogres
  Urug (D:10)
  3 orc high priests (Orc:2)
  2 goliath frogs (Swamp:1)
  2 spriggan druids (Swamp:1)
  An orb spider (Lair:2)
  A swamp dragon (Swamp:1)
  2 bog bodies (Lair:3)
  6 orc knights (Orc:2)
  3 oklob plants
  5 orc sorcerers (Orc:2)
  A manticore (D:12)
  8 ugly things
  Maurice (D:8)
  An elephant (Lair:5)
  10 black mambas
  9 cane toads
  3 torpor snails
  2 unseen horrors (D:12)
  4 rime drakes
  11 komodo dragons
  2 kobold demonologists (D:10)
  3 meliai (Lair:4)
  A queen bee (Lair:4)
  5 hornets (Lair:5)
  7 trolls
  A polar bear (Lair:5)
  A hornet (shapeshifter) (D:10)
  8 dream sheep
  10 blink frogs
  Sigmund (D:3)
  6 slime creatures (D:12)
  12 spriggans (Lair:5)
  2 shadows
  26 yaks
  2 vampires
  4 wyverns
  5 basilisks
  Grum (D:9)
  A vampire mosquito (Swamp:1)
  3 neqoxecs (D:10)
  A steam dragon (D:9)
  5 swamp worms
  16 water moccasins
  3 wargs
  4 acid dragons
  Duvessa (D:5)
  27 orc warriors
  A swamp drake (Swamp:1)
  2 ice beasts
  A sky beast (D:6)
  11 black bears
  5 boggarts (Lair:5)
  6 ogres
  42 wolves
  9 centaurs
  6 kobold brigands
  A gnoll sergeant (D:12)
  9 bullfrogs
  3 scorpions
  11 wights
  Dowan (D:5)
  45 killer bees
  3 electric eels (Lair:3)
  5 howler monkeys
  A hound (D:4)
  17 orc priests
  6 jellies
  A gnoll bouda (Orc:1)
  A sleepcap (D:5)
  Jessica (D:3)
  2 iguanas
  20 orc wizards
  13 gnolls
  A gnoll (shapeshifter) (D:10)
  7 adders
  4 white imps
  An ufetubus (D:4)
  4 worms
  A worm (shapeshifter) (D:10)
  67 orcs
  7 ball pythons
  8 endoplasms
  5 giant cockroaches
  5 goblins
  9 hobgoblins
  8 jackals
  19 kobolds
  7 quokkas
  6 bats
  A frilled lizard (D:3)
  7 rats
653 creatures vanquished.

Vanquished Creatures (collateral kills)
  A killer bee (D:8)
1 creature vanquished.

Vanquished Creatures (others)
  A wight (D:8)
  An electric eel (Lair:3)
  5 spectral weapons
7 creatures vanquished.

Grand Total: 661 creatures vanquished

Notes
Turn   | Place    | Note
-------+----------+-------------------------------------------
     0 | D:1      | TwoHeadsTalk the Gnoll Wanderer began the quest for the
                  | Orb.
     0 | D:1      | TwoHeadsTalk set off with the following items: a +0 dagger,
                  | a +0 ring mail, a potion of curing, a +2 buckler; and the
                  | following spell memorised: Sandblast; and the following
                  | spells available to memorise: Stone Arrow.
     0 | D:1      | Reached XP level 1. HP: 13/13 MP: 8/8
   169 | D:1      | Reached XP level 2. HP: 13/19 MP: 8/10
   601 | D:1      | Found a faded altar of an unknown god.
   823 | D:1      | Reached XP level 3. HP: 20/25 MP: 11/11
  1340 | D:2      | Reached skill level 1 in Invocations
  1646 | D:2      | Reached skill level 1 in Fighting
  1646 | D:2      | Reached skill level 1 in Short Blades
  1646 | D:2      | Reached skill level 1 in Long Blades
  1646 | D:2      | Reached skill level 1 in Axes
  1646 | D:2      | Reached skill level 1 in Maces & Flails
  1646 | D:2      | Reached skill level 1 in Polearms
  1646 | D:2      | Reached skill level 1 in Staves
  1646 | D:2      | Reached skill level 1 in Ranged Weapons
  1646 | D:2      | Reached skill level 1 in Throwing
  1646 | D:2      | Reached skill level 1 in Unarmed Combat
  1646 | D:2      | Reached skill level 1 in Evocations
  1844 | D:2      | Reached XP level 4. HP: 32/32 MP: 13/13
  2028 | D:2      | Reached skill level 1 in Conjurations
  2028 | D:2      | Reached skill level 1 in Hexes
  2028 | D:2      | Reached skill level 1 in Summonings
  2028 | D:2      | Reached skill level 1 in Necromancy
  2028 | D:2      | Reached skill level 1 in Translocations
  2028 | D:2      | Reached skill level 1 in Transmutations
  2028 | D:2      | Reached skill level 1 in Fire Magic
  2028 | D:2      | Reached skill level 1 in Ice Magic
  2028 | D:2      | Reached skill level 1 in Air Magic
  2028 | D:2      | Reached skill level 1 in Earth Magic
  2028 | D:2      | Reached skill level 1 in Poison Magic
  2163 | D:3      | Found a shimmering altar of Xom.
  2198 | D:3      | Found a shadowy altar of Dithmenos.
  2282 | D:3      | Noticed Sigmund
  2465 | D:3      | Noticed Jessica
  2515 | D:3      | Reached XP level 5. HP: 37/37 MP: 14/14
  2619 | D:3      | Killed Jessica
  2801 | D:3      | Found an opulent altar of Gozag.
  2809 | D:3      | Became a worshipper of Gozag Ym Sagoz the Greedy
  2974 | D:3      | Noticed a black bear
  3213 | D:4      | Found a staircase to the Ecumenical Temple.
  3308 | D:4      | Reached XP level 6. HP: 42/44 MP: 16/16
  3675 | D:4      | Got Paejet's Compendium of Bodies
  3820 | D:5      | Entered Level 5 of the Dungeon
  4138 | D:3      | Killed a black bear
  4139 | D:3      | Reached XP level 7. HP: 46/51 MP: 16/18
  4487 | D:5      | Noticed Duvessa
  4506 | D:5      | Noticed Dowan
  4846 | D:5      | Reached skill level 9 in Shields
  4966 | D:5      | Reached XP level 8. HP: 56/58 MP: 17/19
  4972 | D:5      | Learned a level 3 spell: Mephitic Cloud
  5098 | D:3      | Found a hazy altar of Hepliaklqana.
  5210 | D:3      | Killed Sigmund
  5601 | D:5      | Killed Dowan
  5624 | D:5      | Killed Duvessa
  6014 | D:5      | Found a burning altar of Makhleb.
  6067 | D:5      | Found a bloodstained altar of Trog.
  6916 | D:7      | Reached XP level 9. HP: 27/65 MP: 11/21
  7277 | D:7      | Found a stormy altar of Qazlal.
  7350 | D:7      | Reached skill level 5 in Armour
  7350 | D:7      | Reached skill level 5 in Dodging
  7413 | D:7      | Found Toemp's Book Shoppe.
  7413 | D:7      | Found a runed translucent gate.
  7413 | D:7      | Found a runed translucent gate.
  7416 | D:7      | Found a runed translucent gate.
  7514 | D:7      | Noticed Levsong's ghost (novice NaFi)
  7543 | D:7      | Reached skill level 5 in Stealth
  7825 | D:7      | HP: 1/63 [orc priest/divine providence (9)]
  8823 | D:8      | Reached skill level 5 in Invocations
  9309 | D:8      | Found a radiant altar of Vehumet.
  9499 | D:8      | Noticed a troll
  9508 | D:8      | Killed a troll
  9610 | D:8      | Reached skill level 5 in Fighting
  9610 | D:8      | Reached skill level 5 in Short Blades
  9610 | D:8      | Reached skill level 5 in Long Blades
  9610 | D:8      | Reached skill level 5 in Axes
  9610 | D:8      | Reached skill level 5 in Maces & Flails
  9610 | D:8      | Reached skill level 5 in Polearms
  9610 | D:8      | Reached skill level 5 in Staves
  9610 | D:8      | Reached skill level 5 in Ranged Weapons
  9610 | D:8      | Reached skill level 5 in Throwing
  9610 | D:8      | Reached skill level 5 in Unarmed Combat
  9610 | D:8      | Reached skill level 5 in Evocations
  9610 | D:8      | Reached XP level 10. HP: 65/74 MP: 18/22
  9627 | D:8      | Reached skill level 10 in Shields
 10081 | D:8      | Noticed a two-headed ogre
 10106 | D:8      | Killed a two-headed ogre
 10438 | D:9      | Found a staircase to the Lair.
 10633 | D:7      | Bought the Catalogue of Corpses for 544 gold pieces
 10633 | D:7      | Bought a book of Sloth for 576 gold pieces
 10639 | D:7      | Learned a level 5 spell: Borgnjor's Vile Clutch
 11521 | D:9      | Found a staircase to the Orcish Mines.
 12049 | D:9      | Noticed Maurice
 12113 | D:8      | Killed Maurice
 12114 | D:8      | Reached skill level 5 in Conjurations
 12114 | D:8      | Reached skill level 5 in Hexes
 12114 | D:8      | Reached skill level 5 in Summonings
 12114 | D:8      | Reached skill level 5 in Necromancy
 12114 | D:8      | Reached skill level 5 in Translocations
 12114 | D:8      | Reached skill level 5 in Transmutations
 12114 | D:8      | Reached skill level 5 in Fire Magic
 12114 | D:8      | Reached skill level 5 in Ice Magic
 12114 | D:8      | Reached skill level 5 in Air Magic
 12114 | D:8      | Reached skill level 5 in Earth Magic
 12114 | D:8      | Reached skill level 5 in Poison Magic
 12114 | D:8      | Reached XP level 11. HP: 21/81 MP: 18/24
 12999 | D:9      | Noticed Grum
 13015 | D:9      | Killed Grum
 13622 | Lair:1   | Entered Level 1 of the Lair of Beasts
 14462 | Lair:1   | Noticed a five-headed hydra
 14479 | Lair:1   | Killed a five-headed hydra
 14645 | Lair:1   | Reached skill level 10 in Spellcasting
 14720 | Lair:1   | Reached skill level 11 in Shields
 15484 | Lair:1   | Reached XP level 12. HP: 88/91 MP: 14/26
 16276 | Lair:2   | Noticed a boulder beetle
 16296 | Lair:2   | Killed a boulder beetle
 16432 | Lair:2   | Noticed a four-headed hydra
 16479 | Lair:2   | Killed a four-headed hydra
 16643 | Lair:2   | Found a hole to the Spider Nest.
 17375 | Lair:3   | HP: 4/92 [komodo dragon (23)]
 18711 | Lair:3   | Learned a level 6 spell: Statue Form
 19470 | Lair:3   | Found a staircase to the Swamp.
 19521 | Lair:3   | Reached XP level 13. HP: 98/98 MP: 16/27
 19604 | Lair:3   | Upgraded the game from 0.30.0-29-ga12c61a403 to
                  | 0.30.0-30-g96aa6591b8
 19894 | Lair:4   | You fall into a shaft and drop 1 floor!
 19894 | Lair:5   | Entered Level 5 of the Lair of Beasts
 19894 | Lair:5   | Found a runed translucent door.
 19894 | Lair:5   | Found a viscous altar of Jiyva.
 19894 | Lair:5   | Found a staircase to the Slime Pits.
 21002 | Lair:5   | Reached skill level 12 in Shields
 21095 | Lair:5   | Learned a level 5 spell: Irradiate
 23709 | Lair:5   | Reached XP level 14. HP: 94/108 MP: 9/29
 23832 | Lair:5   | Reached skill level 10 in Invocations
 24802 | Lair:5   | Learned a level 4 spell: Manifold Assault
 24803 | Lair:5   | Identified a scroll of acquirement
 24803 | Lair:5   | Acquired the ring "Ijola" {Drain rC+ Will+ Dex+7}
 25387 | D:10     | Entered Level 10 of the Dungeon
 25438 | D:10     | Found a broken altar of Ashenzari.
 25733 | D:10     | Found a hide-covered altar of Uskayaw.
 26011 | D:10     | Found a sacrificial altar of Ru.
 26064 | D:10     | Found a large runed translucent door.
 26064 | D:10     | Found a large runed translucent door.
 26068 | D:10     | Found a shimmering altar of Xom.
 26168 | D:10     | Noticed Urug
 26181 | D:10     | Killed Urug
 26386 | D:10     | Found a runed translucent gate.
 26388 | D:10     | Found a runed translucent gate.
 26389 | D:10     | Found a runed translucent gate.
 26675 | D:10     | Identified the +6 dagger of Tomorrow {chaos, rElec Str+2}
 26675 | D:10     | Identified the +1 robe of Rilir {rElec Int+3}
 27439 | D:10     | Reached skill level 10 in Armour
 27439 | D:10     | Reached skill level 10 in Dodging
 27687 | D:10     | Reached skill level 10 in Stealth
 27805 | D:10     | Found a runed translucent gate.
 27805 | D:10     | Found a runed translucent gate.
 27810 | D:10     | Found a runed translucent gate.
 27813 | D:10     | Noticed 00zero00's ghost (journeyman HOFi)
 27835 | D:10     | Gained mutation: You are clumsy. (Dex -2) [a neqoxec]
 28017 | D:10     | Killed 00zero00's ghost
 28050 | D:11     | Noticed Harold
 28064 | D:11     | Killed Harold
 29450 | D:12     | Reached skill level 10 in Fighting
 29450 | D:12     | Reached skill level 10 in Short Blades
 29450 | D:12     | Reached skill level 10 in Long Blades
 29450 | D:12     | Reached skill level 10 in Axes
 29450 | D:12     | Reached skill level 10 in Maces & Flails
 29450 | D:12     | Reached skill level 10 in Polearms
 29450 | D:12     | Reached skill level 10 in Staves
 29450 | D:12     | Reached skill level 10 in Ranged Weapons
 29450 | D:12     | Reached skill level 10 in Throwing
 29450 | D:12     | Reached skill level 10 in Unarmed Combat
 29450 | D:12     | Reached skill level 10 in Evocations
 29688 | D:12     | Reached skill level 13 in Shields
 30415 | D:12     | Reached XP level 15. HP: 115/115 MP: 13/31
 30778 | Orc:1    | Entered Level 1 of the Orcish Mines
 30854 | Orc:1    | Noticed Erolcha
 30861 | Orc:1    | Killed Erolcha
 31417 | Orc:2    | Entered Level 2 of the Orcish Mines
 31422 | Orc:2    | Noticed Jorgrun
 31456 | Orc:2    | Killed Jorgrun
 31823 | Orc:2    | Noticed Saint Roka
 32203 | Orc:1    | Killed Saint Roka
 32455 | Orc:2    | Found a burning altar of Makhleb.
 32749 | Orc:2    | Found a staircase to the Elven Halls.
 32810 | Orc:2    | Noticed Donald
 32844 | Orc:2    | Killed Donald
 33700 | Orc:2    | Found Canup's Antique Weapon Shoppe.
 34096 | Orc:2    | Paralysed by an orc sorcerer for 4 turns
 34250 | Orc:2    | Found Ragokin's Book Shop.
 34306 | Orc:2    | Found Fewa's Distillery.
 34308 | Orc:2    | Found Adopi's Weapon Shoppe.
 34621 | Swamp:1  | Entered Level 1 of the Swamp
 34911 | Swamp:1  | Noticed a tentacled monstrosity
 34918 | Swamp:1  | Killed a tentacled monstrosity
 35470 | Swamp:1  | Noticed Louise
 35579 | Swamp:1  | Killed Louise
 36227 | Swamp:2  | Slain by a six-headed hydra

Illustrated notes

Levels and vault maps discovered:
D:1:      minmay_arrival_cross, layout_basic, nicolae_ecumenical_lake_church
D:2:      layout_loops_ring, minmay_misc_feat_room
D:3:      kennysheep_big_flooded_room, layout_loops_ring,
          worldfamousw_hep_ancestral_shrine, nicolae_dithmenos_shadow_blocks,
          amcnicky_altar_gilded, grunt_gozag_breadcrumbs, uniq_sigmund,
          uniq_jessica
D:4:      layout_loops_ring, minmay_temple_entry_statues_pillars,
          minmay_surrounded
D:5:      layout_basic, mainiacjoe_overflow_cross_hatched,
          lightli_temple_of_fire, uniq_duvessa
D:6:      layout_loops_cross
D:7:      layout_basic, mainiacjoe_overflow_alcove_4, gammafunk_ghost_icy,
          serial_shops, shop
D:8:      layout_loops_ring, mainiacjoe_overflow_catwalk, lemuel_flame_loot_1
D:9:      layout_gridville, lair_entry_dummy, david_orc_2, uniq_grum,
          uniq_maurice
D:10:     due_chaos_kobolds, layout_basic, kennysheep_mini_moat,
          mainiacjoe_overflow_catwalk_spiral,
          ploomutoo_gammafunk_ghost_potion_laboratory, nrook_uturn,
          nzn_life_drinkers, uniq_urug
D:11:     layout_rooms, serial_aquarium, aquarium_bridge_straight
          [aquarium_subvault_bridge, aquarium_subvault_wall,
          aquarium_subvault_bridge, aquarium_subvault_wall],
          aquarium_bridge_long_joined [aquarium_subvault_balcony,
          aquarium_subvault_bridge, aquarium_subvault_wall,
          aquarium_subvault_bridge, aquarium_subvault_wall,
          aquarium_subvault_wall], aquarium_window_corner, aquarium_window_1,
          aquarium_window_fake, aquarium_window_corridor_3, aquarium_view_2g,
          uniq_harold
D:12:     layout_loops_corners
Lair:1:   dpeg_oklob_gauntlet, layout_concentric_octagons
Lair:2:   layout_cave_shapes, nicolae_spider_entry_orb_guardian, minmay_holes
Lair:3:   layout_loops_ring, nicolae_swamp_entry_splash_gauntlet,
          disabler_island, grunt_megastairs_2
Lair:4:   layout_loops_ring, special_room [special_room_bee], grunt_megastairs_5
Lair:5:   minmay_lair_end_enchanted_forest, layout_big_grid, slime_entry_2,
          minmay_shattered_shrine
Swamp:1:  layout_basic_swamp, nicolae_swamp_ascending_descending, uniq_louise
Swamp:2:  layout_falls_marsh, evilmike_swamp_ruin_house_3
Orc:1:    layout_caves, mines_bat_river, uniq_erolcha
Orc:2:    st_orc_elflike, layout_diamond_mine, basic_altar, uniq_donald,
          uniq_saint_roka, uniq_jorgrun

Skill      XL: |  1  2  3  4  5  6  7  8  9 10 11 12 13 14 15 |
---------------+----------------------------------------------+-----
Invocations    | 1 2 3 4 5 6 7 8 9 10 11 | 11.6
Fighting       | 1 2 3 5 6 7 8 9 10 | 10.7
Short Blades   | 1 2 3 5 6 7 8 9 10 | 10.7
Long Blades    | 1 2 3 5 6 7 8 9 10 | 10.7
Axes           | 1 2 3 5 6 7 8 9 10 | 10.7
Maces & Flails | 1 2 3 5 6 7 8 9 10 | 10.7
Polearms       | 1 2 3 5 6 7 8 9 10 | 10.7
Staves         | 1 2 3 5 6 7 8 9 10 | 10.7
Ranged Weapons | 1 2 3 5 6 7 8 9 10 | 10.7
Throwing       | 1 2 3 5 6 7 8 9 10 | 10.7
Unarmed Combat | 1 2 3 5 6 7 8 9 10 | 10.7
Evocations     | 1 2 3 5 6 7 8 9 10 | 10.7
Conjurations   | 1 2 3 4 5 6 7 8 9 |  9.0
Hexes          | 1 2 3 4 5 6 7 8 9 |  9.0
Summonings     | 1 2 3 4 5 6 7 8 9 |  9.0
Necromancy     | 1 2 3 4 5 6 7 8 9 |  9.0
Translocations | 1 2 3 4 5 6 7 8 9 |  9.0
Transmutations | 1 2 3 4 5 6 7 8 9 |  9.0
Fire Magic     | 1 2 3 4 5 6 7 8 9 |  9.0
Ice Magic      | 1 2 3 4 5 6 7 8 9 |  9.0
Air Magic      | 1 2 3 4 5 6 7 8 9 |  9.0
Earth Magic    | 1 2 3 4 5 6 7 8 9 |  9.0
Poison Magic   | 1 2 3 4 5 6 7 8 9 |  9.0
Armour         | 3 4 5 6 7 8 9 10 11 | 11.0
Dodging        | 3 4 5 6 7 8 9 10 11 | 11.0
Stealth        | 3 4 5 6 7 8 9 10 11 | 11.0
Shields        | 9 10 11 12 13 | 13.5
Spellcasting   | 8 9 10 11 12 | 12.7

Action                     |  1- 3 |  4- 6 |  7- 9 | 10-12 | 13-15 || total
---------------------------+-------+-------+-------+-------+-------++-------
  Melee: Dagger            |   181 |       |       |       |       ||   181
         Bite              |    19 |    26 |    60 |   157 |    93 ||   355
         Short sword       |    24 |   216 |   510 |  1076 |       ||  1826
         Whip              |     2 |       |       |       |       ||     2
         Morningstar       |       |       |       |       |   699 ||   699
  Throw: Dart              |       |       |     3 |       |       ||     3
   Cast: Sandblast         |    12 |       |       |       |       ||    12
         Mephitic Cloud    |       |       |     5 |     8 |     3 ||    16
         Borgnjor's Vile C |       |       |       |    66 |   231 ||   297
         Statue Form       |       |       |       |     2 |     9 ||    11
         Manifold Assault  |       |       |       |       |    34 ||    34
 Invoke: Potion Petition   |       |       |       |       |     2 ||     2
Ability: Evoke Invisibilit |       |       |       |       |     1 ||     1
  Evoke: Wand              |       |       |    20 |    25 |     5 ||    50
         Lightning rod     |       |       |       |       |    13 ||    13
         Phial of floods   |       |       |       |       |     4 ||     4
         Box of beasts     |       |       |       |       |     1 ||     1
    Use: Potion            |       |     1 |       |     8 |     4 ||    13
         Scroll            |       |       |     5 |    13 |    15 ||    33
   Stab: Sleeping          |     4 |     5 |    12 |    11 |    18 ||    50
         Distracted        |       |       |     2 |     1 |    13 ||    16
         Confused          |       |       |     2 |     4 |       ||     6
         Paralysed         |       |       |     3 |     3 |       ||     6
         Petrified         |       |       |       |       |     5 ||     5
         Petrifying        |       |       |       |       |     1 ||     1
 Armour: Ring mail         |    52 |    83 |    62 |       |       ||   197
         Leather armour    |       |       |    97 |   221 |    81 ||   399
         Skin              |       |       |       |     2 |    20 ||    22
         Robe              |       |       |       |       |    66 ||    66
  Dodge: Dodged            |    78 |    67 |   222 |   604 |   371 ||  1342
  Block: Buckler           |   105 |    61 |   224 |   413 |   253 ||  1056
         Kite shield       |       |       |       |       |    33 ||    33
         Tower shield      |       |       |       |       |    28 ||    28
